Selects Armored Support Battlegroup
Construct Light Support Kompanie
Pak 38 Anti-tank Gun Team
Construct Mechanized Kompanie
254 Reconnaissance Tractor
Construct Panzerarmee Kommand
Selects Flammpanzer III Medium Tank
Marder III Tank Destroyer
Flak 36 Anti-tank Gun Team
Selects Flammpanzer III Medium Tank
Selects Battlefield Salvage
Marder III Tank Destroyer
Marder III Tank Destroyer
Walking Stuka Rocket Launcher
Flak 36 Anti-tank Gun Team
254 Reconnaissance Tractor